cohdb
Replays
Latest Replays
All Replays
Popular Replays
Top Player Replays
Match Explorer
How It Works
Community
CoH3 Stats
Reddit
Sign in to upload your games and track your stats! →
Sign in with Steam
Match 42751670
Unlisted
Match 42751670
Overview
Messages
Build Orders
End
Construct Infanterie Kompanie
Grenadier Squad
Grenadier Squad
Grenadier Squad
MG 42 Machine Gun Team
Construct Luftwaffe Kompanie
Flak 30 Anti-aircraft Gun Team
Medical Station
GrW 34 Mortar Team
Construct Panzer Kompanie
Stoßtruppen Squad
Panzer IV Medium Tank
Stoßtruppen Squad
Selects Mechanized Battlegroup
Selects Spotting Scopes
Selects Wespe Self-propelled Artillery
Pioneer Squad
Can't fight fate
只愛❤毛妹
0
0
Comments
sign in to comment!
No comments posted yet!